 Dungeon Crawl Stone Soup version 0.27-a0-1555-g0e7b3fb1d2 (webtiles) character file.

Game seed: 17710964530449941844

326 wakim the Frost Mage (level 6, 0/30 (34) HPs)
             Began as a Deep Elf Ice Elementalist on July 14, 2021.
             Slain by a wight (10 damage)
             ... on level 6 of the Dungeon.
             The game lasted 00:11:59 (4804 turns).

wakim the Frost Mage (Deep Elf Ice Elementalist)    Turns: 4804, Time: 00:12:00

HP:   0/30 (34)     AC:  2    Str:  5    XL:     6   Next: 24%
MP:   10/12         EV: 13    Int: 22    God:
Gold: 160           SH:  0    Dex: 15    Spells: 4/11 levels left

rFire    + . .     SeeInvis .   b - +4 spear
rCold    + . .     Faith    .   (no shield)
rNeg     . . .     Spirit   .   f - +0 robe
rPois    .         Reflect  .   (no helmet)
rElec    .         Harm     .   h - scarf {rC+ rF+}
rCorr    .         Rampage  .   (no gloves)
Will     .....                  (no boots)
Stlth    ++........             (no amulet)
HPRegen  0.10/turn              (no ring)
MPRegen  0.13/turn              (no ring)

@: heavily drained
A: no striking features
a: no special abilities


You were on level 6 of the Dungeon.
You visited 1 branch of the dungeon, and saw 6 of its levels.

You collected 200 gold pieces.
You spent 40 gold pieces at shops.

Inventory:

Hand Weapons
 a - a +4 short sword of venom
 b - a +4 spear (weapon)
Missiles
 d - 8 curare-tipped darts {=f}
Armour
 f - a +0 robe (worn)
 h - a scarf of resistance (worn)
Magical Staves
 i - a staff of air
Scrolls
 r - a scroll of identify
 U - a scroll of fear
 X - a scroll of fog
Potions
 c - a potion of invisibility {unknown}
 e - 4 potions of curing {unknown}
 g - 2 potions of flight {unknown}
 j - a potion of berserk rage {unknown}
 J - a potion of heal wounds
 N - a potion of might


   Skills:
 * Level 1.0 Fighting
 * Level 3.0 Dodging
 - Level 2.4 Stealth
 - Level 3.0 Spellcasting
 - Level 8.0 Ice Magic


You had 4 spell levels left.
You knew the following spells:

 Your Spells              Type           Power      Damage    Failure   Level
a - Freeze                Ice            100%       1d11      1%          1
b - Frozen Ramparts       Ice            76%        1d9       1%          3
c - Ozocubu's Armour      Ice            38%        N/A       1%          3

Your spell library contained the following spells:

 Spells                   Type           Power      Damage    Failure   Level
 Hailstorm                Conj/Ice       20%        3d6       24%         4


Dungeon Overview and Level Annotations

Branches:
Dungeon (7/15)
 Temple: D:4-7

Altars:
Fedhas
Beogh

Shops:
D:1 *


Message History

The adder completely misses you. The wight closely misses you.
The wall freezes the orc priest.
The orc priest misses you.
Your +4 short sword of venom stops dripping with poison.
b - a +4 spear (weapon)
You closely miss the wight.
The wall freezes the adder!
You kill the adder!
The wight completely misses you.
The wall freezes the orc priest!
The orc priest casts a cantrip, but nothing happens.
You hit the wight.
The wight is lightly damaged.
The wight hits you with a +3 mace.
* * * LOW HITPOINT WARNING * * *
You feel drained.
The wall freezes the orc priest.
The orc priest barely misses you.
You hit the wight.
The wight is lightly damaged.
The wall freezes the orc priest.
You kill the orc priest!
The wight hits you with a +3 mace!
* * * LOW HITPOINT WARNING * * *
You feel drained.
* * * LOW HITPOINT WARNING * * *
Your Fighting skill increases to level 1!
Your Dodging skill increases to level 3!
You feel much better. The wight closely misses you.
You hit the wight.
The wight is moderately damaged.
The wight hits you with a +3 mace!
You feel drained.
* * * LOW HITPOINT WARNING * * *
Unknown command.
Press: ? - help, v - describe, . - travel
Here: a wight, wielding a +3 mace and wearing a +0 robe (moderately damaged)
The floor.
Unknown command.
You can't see any enemies this would affect, really read the scroll of fear?
Okay, then.
Your frozen ramparts will break if you move.
Continue?
The frozen ramparts melt away as you move.
The wight hits you with a +3 mace!
You die...

##########.
#.>@?......
#)z..######
.......#
...........
#####.......
#....[....
#.........
.......#..


You could see a wight.

Vanquished Creatures
  A black bear (D:4)
  The ghost of wakim the Poker, a weakling MfGl (D:3)
  2 orc priests
  5 adders
  An adder skeleton (D:4)
  A worm (D:2)
  9 orcs
  5 ball pythons
  8 endoplasms
  5 giant cockroaches
  5 goblins
  6 hobgoblins
  5 quokkas
  5 bats
  7 frilled lizards
  6 kobolds
  12 rats
84 creatures vanquished.

Notes
Turn   | Place    | Note
-------+----------+-------------------------------------------
     0 | D:1      | wakim the Deep Elf Ice Elementalist began the quest for the
                  | Orb.
     0 | D:1      | Reached XP level 1. HP: 10/10 MP: 6/6
   191 | D:1      | Reached XP level 2. HP: 4/15 MP: 4/8
   422 | D:1      | Reached skill level 5 in Ice Magic
  1040 | D:1      | Found Tekh's Assorted Antiques.
  1102 | D:1      | Bought a scroll labelled KIC YHISOLY for 20 gold pieces
  1102 | D:1      | Bought a scroll labelled ROIZXO IDOAR for 20 gold pieces
  1288 | D:1      | Found a faded altar of an unknown god.
  1483 | D:1      | Reached XP level 3. HP: 19/19 MP: 3/9
  1487 | D:1      | Learned a level 3 spell: Frozen Ramparts
  1491 | D:1      | Learned a level 3 spell: Ozocubu's Armour
  2242 | D:2      | Reached skill level 6 in Ice Magic
  2486 | D:2      | Reached XP level 4. HP: 24/24 MP: 0/10
  3217 | D:3      | Found a blossoming altar of Fedhas.
  3708 | D:3      | Found a runed translucent gate.
  3713 | D:3      | Found a runed translucent gate.
  3713 | D:3      | Found a runed translucent gate.
  3714 | D:3      | Noticed wakim's ghost (weakling MfGl)
  4199 | D:3      | Reached skill level 7 in Ice Magic
  4227 | D:3      | Killed wakim's ghost
  4228 | D:3      | Reached XP level 5. HP: 28/28 MP: 2/11
  4604 | D:4      | Noticed a black bear
  4618 | D:4      | Killed a black bear
  4619 | D:4      | Reached skill level 8 in Ice Magic
  4619 | D:4      | Reached XP level 6. HP: 30/33 MP: 6/12
  4780 | D:4      | You fall into a shaft and drop 3 floors!
  4791 | D:7      | Noticed an orc warrior
  4802 | D:6      | Reached skill level 1 in Fighting
  4804 | D:6      | Slain by a wight

Illustrated notes

Levels and vault maps discovered:
D:1:      shiori_arrival_maze, layout_basic, serial_shops, shop,
          shapermc_ecumenical_altar_gd
D:2:      layout_loops_ring, minmay_rat_gold_closets
D:3:      layout_loops_corners, fedhas_ov_isle_minmay,
          biasface_ghost_orc_armoury, minmay_misc_feat_five
D:4:      minmay_octagon_keep, layout_loops_ring, slow_altar_2,
          overflow_temple_1_default, grunt_ministairs_2, uniq_purgy
D:6:      layout_rooms, mainiacjoe_overflow_boulevard,
          minmay_temple_entry_nine_rooms, lightli_orcish_oven, uniq_maggie
D:7:      layout_rooms, mainiacjoe_overflow_divided_tiny, uniq_pikel,
          uniq_menkaure

Skill      XL: |  1  2  3  4  5  6 |
---------------+-------------------+-----
Ice Magic      | 5 6 7 8 |  8.0
Fighting       | 1 |  1.0
Dodging        | 3 |  3.0
Stealth        | |  2.4
Spellcasting   | |  3.0

Action                   |  1- 3 |  4- 6 || total
-------------------------+-------+-------++-------
Melee: Whip              |     7 |     7 ||    14
       Short sword       |    51 |    37 ||    88
       Spear             |       |    16 ||    16
 Cast: Freeze            |    15 |       ||    15
       Frozen Ramparts   |     6 |    14 ||    20
       Ozocubu's Armour  |       |     4 ||     4
  Use: Scroll            |     5 |     2 ||     7
       Potion            |       |     1 ||     1
 Stab: Sleeping          |     5 |     6 ||    11
Armor: Robe              |     8 |    13 ||    21
Dodge: Dodged            |    33 |    33 ||    66

Table legend: (Time is in decaauts)
 A = Elapsed time spent in this place.
 B = Non-inter-level travel time spent in this place.
 C = Inter-level travel time spent in this place.
 D = Time resting spent in this place.
 E = Time spent auto-exploring this place.
 F = Levels seen in this place.
 G = Mean time per level.
                   A        B        C        D        E       F      G
               +--------+--------+--------+--------+--------+-----+--------+
         Total |   4812 |   4747 |     65 |    212 |   3736 |   6 |  802.0 |
       Dungeon |   4812 |   4747 |     65 |    212 |   3736 |   6 |  802.0 |
               +--------+--------+--------+--------+--------+-----+--------+

Top non-repeatable levels by time:
     D:1: 1830 daAuts
     D:3: 1553 daAuts
     D:2: 1166 daAuts
     D:4: 238 daAuts
     D:7: 15 daAuts
     D:6: 7 daAuts
